 Dungeon Crawl Stone Soup version 0.31-a0-435-g2c6fae2916 (webtiles) character file.

Game seed: 5508149912745513103

11880 floatRand the Basher (level 11, 0/117 HPs)
             Began as an Ogre Cinder Acolyte on Aug 1, 2023.
             Was a High Priest of Ignis.
             Slain by a storm dragon (16 damage)
             ... on level 13 of the Dungeon.
             The game lasted 00:16:50 (11969 turns).

floatRand the Basher (Ogre Cinder Acolyte)         Turns: 11969, Time: 00:16:51

Health: 0/117      AC:  6    Str: 20    XL:     11   Next: 84%
Magic:  21/21      EV:  9    Int: 19    God:    Ignis [*****.]
Gold:   548        SH:  0    Dex:  4    Spells: 22/24 levels left

rFire   + . .        D - +7 dire flail (drain)
rCold   . . .        (shield currently unavailable)
rNeg    . . .        b - +0 robe
rPois   .            (helmet restricted)
rElec   .            A - +2 cloak {Will+}
rCorr   +            (gloves unavailable)
SInv    .            (boots unavailable)
Will    ++...        H - amulet of Vitality {RegenMP++ Regen++}
Stlth   +            e - +4 ring of slaying
HPRegen 1.99/turn    p - ring of resist corrosion
MPRegen 0.97/turn

%: no passive effects
@: about to teleport
A: large, unfitting armour, tough skin 1
a: Renounce Religion, Fiery Armour, Foxfire Swarm, Rising Flame


You were on level 13 of the Dungeon.
You worshipped Ignis.
Ignis was extremely pleased with you.
You visited 1 branch of the dungeon, and saw 13 of its levels.
You also visited: Sewer and Bailey.

You collected 761 gold pieces.
You spent 213 gold pieces at shops.

Inventory:

Hand Weapons
 a - a -1 mace of flaming
 B - a +2 heavy hammer
 D - a +7 dire flail of draining (weapon)
Armour
 b - a +0 robe (worn)
 A - a +2 cloak of willpower (worn)
Jewellery
 d - a +6 ring of strength
 e - a +4 ring of slaying (left hand)
 p - a ring of resist corrosion (right hand)
 q - a +6 ring of intelligence
 y - the amulet "Latrewul" {Faith rCorr Str+3 Dex-5}
   (You found it on level 4 of the Dungeon)

   [amulet of faith]

   It allows you to gain divine favour quickly.
   Str:       It affects your strength (+3).
   Dex:       It affects your dexterity (-5).
   rCorr:     It protects you from acid and corrosion.
 E - a ring of positive energy
 F - a ring of ice
 H - the amulet of Vitality (around neck) {RegenMP++ Regen++}
   (You found it on level 7 of the Dungeon)

   [amulet of magic regeneration]

   It increases your rate of magic regeneration.
   Regen:     It increases your rate of health regeneration.
Wands
 c - a wand of quicksilver (5)
 v - a wand of digging (8)
 C - a wand of flame (10)
 G - a wand of roots (11)
Scrolls
 j - 4 scrolls of enchant armour
 k - 5 scrolls of teleportation
 o - a scroll of brand weapon {unknown}
 r - 2 scrolls of immolation
 x - 2 scrolls of amnesia
Potions
 f - 2 potions of enlightenment
 g - 9 potions of attraction
 h - a potion of resistance
 i - a potion of invisibility
 l - 5 potions of haste
 m - 2 potions of cancellation
 n - 2 potions of might
 s - 3 potions of mutation {unknown}
 t - 6 potions of heal wounds {unknown}
 u - a potion of lignification {unknown}
 w - 6 potions of curing
 J - a potion of brilliance
Miscellaneous
 I - a box of beasts


   Skills:
 + Level 9.8 Fighting
 * Level 13.1 Maces & Flails
 + Level 1.6 Dodging
 - Level 7.1 Spellcasting
 - Level 7.3 Fire Magic


You had 22 spell levels left.
You knew the following spells:

 Your Spells              Type           Power      Damage    Failure   Level
a - Scorch                Fire           68%        2d7       1%          2

Your spell library contained the following spells:

 Spells                   Type           Power      Damage    Failure   Level
 Freeze                   Ice            24%        1d4       10%         1
 Necrotise                Necr           24%        1d5       10%         1
 Flame Wave               Conj/Fire      20%        2d7       22%         4
 Frozen Ramparts          Ice            12%        1d2       30%         3
 Hailstorm                Conj/Ice       6%         3d4       30%         3
 Ozocubu's Armour         Ice            6%         N/A       30%         3
 Portal Projectile        Hex/Tloc       12%        N/A       30%         3
 Tukima's Dance           Hex            6%         N/A       30%         3
 Vampiric Draining        Necr           6%         2d6       30%         3
 Iskenderun's Mystic Bla  Conj/Tloc      6%         2d4       69%         4
 Agony                    Necr           6%         N/A       95%         5
 Summon Cactus Giant      Summ           3%         N/A       100%        6
 Ozocubu's Refrigeration  Ice            3%         4d8       100%        7


Dungeon Overview and Level Annotations

Branches:
Dungeon (14/15)            Temple (0/1) D:5            Lair (0/5) D:8
    Orc (0/2) D:9           Sewer (visited)          Bailey (visited)
 Vaults: D:13-14

Altars:
Ashenzari
Cheibriados
Dithmenos
Elyvilon
Gozag
Makhleb
Qazlal
Ru
Uskayaw
Xom

Shops:
D:11 (*

Portals:
Gauntlet: D:11


Innate Abilities, Weirdness & Mutations

You are too large for most types of armour.
You have tough skin. (AC +1)


Message History

The bolt of lightning hits you!
Found a rapier.
The five-headed hydra bites you. The five-headed hydra bites you!
The five-headed hydra bites you but does no damage. x2
The five-headed hydra bites you!
The sphinx mumbles some strange words.
Something smites you!
There is an open door, spattered with blood here.
The storm dragon attacks as you move away!
The storm dragon bites you! The storm dragon claws you!
* * * LOW HITPOINT WARNING * * *
The storm dragon tramples you.
* * * LOW HITPOINT WARNING * * *
Unknown command.
Unknown command.
As you read the scroll of teleportation, it crumbles to dust.
You feel strangely unstable. The storm dragon closely misses you.
The storm dragon barely misses you. The storm dragon tramples you.
* * * LOW HITPOINT WARNING * * *
You hold your ground!
Unknown command.
The storm dragon attacks as you move away!
The storm dragon bites you.
* * * LOW HITPOINT WARNING * * *
The storm dragon claws you.
* * * LOW HITPOINT WARNING * * *
The storm dragon closely misses you. The storm dragon bites you.
* * * LOW HITPOINT WARNING * * *
The storm dragon claws you!
* * * LOW HITPOINT WARNING * * *
The storm dragon tramples you but does no damage.
Unknown command.
Okay, then.
Okay, then.
Okay, then.
Okay, then.
Okay, then.
Okay, then.
You feel better. The storm dragon bites you!
You die...

#### ..#
##########.#########
#..DD@...#.........#
#.#H####.'.....>...#
# #H)..#.#.........#
#H...#.#.........#
#....#.#.........###
#....#.#........)#^.
####+#.#......)..'.#
..#.........###
###.........#


You could see a storm dragon, a sphinx and a five-headed hydra.

Vanquished Creatures
  A centaur warrior (D:13)
  2 two-headed ogres
  A gargoyle (Bailey)
  Psyche (D:10)
  2 trolls (D:9)
  A vampire (Bailey)
  2 wyverns (D:9)
  24 yaks
  Eustachio (D:5)
  A steam dragon (D:9)
  A basilisk (D:13)
  3 vampire mosquitoes (D:10)
  Edmund (D:5)
  Duvessa (D:5)
  2 ice beasts
  3 orc warriors
  A black bear (D:6)
  An ogre (D:5)
  4 centaurs
  5 kobold brigands
  2 bullfrogs
  7 scorpions
  4 wights
  Dowan (D:5)
  3 killer bees (D:11)
  8 vampire bats (Bailey)
  3 howler monkeys
  6 wolf zombies (Bailey)
  Crazy Yiuf (D:2)
  2 jellies
  3 orc priests
  8 hounds
  3 iguanas
  2 sleepcaps
  13 orc wizards
  A hell rat (Sewer)
  7 adders
  8 gnolls
  4 river rats (Sewer)
  A shadow imp (D:7)
  A white imp (D:8)
  An ufetubus (D:6)
  4 worms
  3 dart slugs
  37 orcs
  7 bats
  5 endoplasms
  6 giant cockroaches
  14 goblins
  6 hobgoblins
  24 kobolds
  7 quokkas
  6 ball pythons
  2 frilled lizards
  23 orc zombies (Bailey)
  10 rats
301 creatures vanquished.

Vanquished Creatures (others)
  18 foxfires (D:5)
18 creatures vanquished.

Grand Total: 319 creatures vanquished

Notes
Turn   | Place    | Note
-------+----------+-------------------------------------------
     0 | D:1      | floatRand the Ogre Cinder Acolyte began the quest for the
                  | Orb.
     0 | D:1      | Reached XP level 1. HP: 24/24 MP: 2/2
    86 | D:1      | Reached skill level 3 in Maces & Flails
   123 | D:1      | Reached XP level 2. HP: 31/32 MP: 3/3
   156 | D:1      | Learned a level 2 spell: Scorch
   702 | D:2      | Reached XP level 3. HP: 39/39 MP: 1/4
  1264 | D:2      | Found a runed translucent door.
  1265 | D:2      | Noticed Crazy Yiuf
  2022 | D:3      | Found a glowing drain.
  2062 | D:3      | Reached XP level 4. HP: 39/48 MP: 5/5
  2076 | D:3      | Reached skill level 4 in Maces & Flails
  2187 | Sewer    | Entered a sewer
  2210 | Sewer    | Reached XP level 5. HP: 31/54 MP: 0/6
  3221 | D:4      | Reached skill level 5 in Maces & Flails
  3233 | D:4      | Reached XP level 6. HP: 40/62 MP: 1/7
  3924 | D:4      | Found a broken altar of Ashenzari.
  3933 | D:4      | Identified the amulet "Latrewul" {Faith rCorr Str+3 Dex-5}
  4585 | D:4      | Found a white marble altar of Elyvilon.
  4835 | D:2      | Killed Crazy Yiuf
  5014 | D:5      | Entered Level 5 of the Dungeon
  5021 | D:5      | Reached skill level 6 in Maces & Flails
  5021 | D:5      | Reached XP level 7. HP: 70/70 MP: 8/8
  5074 | D:5      | Found a staircase to the Ecumenical Temple.
  5111 | D:5      | Noticed Edmund
  5131 | D:5      | Killed Edmund
  5256 | D:5      | Reached skill level 5 in Fire Magic
  5482 | D:5      | Noticed Duvessa
  5483 | D:5      | Noticed Dowan
  5490 | D:5      | Killed Duvessa
  5494 | D:5      | Reached skill level 7 in Maces & Flails
  5494 | D:5      | Killed Dowan
  5495 | D:5      | Reached XP level 8. HP: 66/78 MP: 9/9
  5658 | D:5      | Noticed Eustachio
  5666 | D:5      | Killed Eustachio
  5866 | D:5      | Reached skill level 8 in Maces & Flails
  6324 | D:6      | Reached XP level 9. HP: 81/84 MP: 10/10
  6409 | D:6      | Reached skill level 9 in Maces & Flails
  7275 | D:7      | Found a shimmering altar of Xom.
  7314 | D:7      | Found the amulet of Vitality {RegenMP++ Regen++}
  7595 | D:7      | Found a flagged portal.
  7614 | Bailey   | Entered a bailey
  7736 | Bailey   | Reached skill level 10 in Maces & Flails
  7817 | Bailey   | Reached skill level 5 in Fighting
  7987 | Bailey   | Found the +3 pair of seven-league boots {Rampage+∞}
  8214 | Bailey   | Found the +4 Cigotuvi's embrace {Corpsefed rMiasma Drain
                  | rN+}
  8220 | Bailey   | Noticed a gargoyle
  8227 | Bailey   | Killed a gargoyle
  8228 | Bailey   | Reached XP level 10. HP: 96/96 MP: 14/14
  8958 | D:8      | Noticed a two-headed ogre
  8975 | D:8      | Killed a two-headed ogre
  8976 | D:8      | Reached skill level 11 in Maces & Flails
  9098 | D:8      | Noticed a +0 spear
  9098 | D:8      | Noticed a +0 spear
  9099 | D:8      | Noticed a +0 short sword
  9107 | D:8      | Noticed a +0 short sword
  9505 | D:8      | Noticed a +0 dagger
  9505 | D:8      | Noticed a +0 falchion
  9506 | D:8      | Noticed a +0 dagger
  9510 | D:8      | Noticed a +0 falchion
  9513 | D:8      | Found a hide-covered altar of Uskayaw.
  9517 | D:8      | Found a staircase to the Lair.
  9865 | D:8      | Reached skill level 5 in Spellcasting
  9924 | D:9      | Found a sacrificial altar of Ru.
  9925 | D:9      | Found a stormy altar of Qazlal.
  9926 | D:9      | Found a snail-covered altar of Cheibriados.
 10121 | D:9      | Reached skill level 12 in Maces & Flails
 10121 | D:9      | Reached XP level 11. HP: 111/111 MP: 19/19
 10349 | D:9      | Found a staircase to the Orcish Mines.
 10490 | D:9      | Found a shadowy altar of Dithmenos.
 10496 | D:9      | Found an opulent altar of Gozag.
 10626 | D:9      | Found a burning altar of Makhleb.
 10824 | D:10     | Entered Level 10 of the Dungeon
 10988 | D:10     | Identified the +8 whip "Iplaopyni" {freeze, rElec Will+
                  | rCorr}
 11079 | D:10     | Noticed Psyche
 11093 | D:10     | Killed Psyche
 11339 | D:10     | Noticed a two-headed ogre
 11345 | D:10     | Killed a two-headed ogre
 11672 | D:11     | Found Coleibb's Weapon Boutique.
 11672 | D:11     | Found Pilygey's Assorted Antiques.
 11698 | D:11     | Bought a glowing agate ring for 120 gold pieces
 11698 | D:11     | Bought a potion of curing for 72 gold pieces
 11698 | D:11     | Bought a purple potion for 21 gold pieces
 11766 | D:11     | Reached skill level 13 in Maces & Flails
 11772 | D:11     | Reached skill level 1 in Dodging
 11808 | D:11     | Found a gate leading to a gauntlet.
 11810 | D:11     | You fall into a shaft and drop 3 floors!
 11864 | D:13     | Noticed a cyclops
 11926 | D:13     | Noticed a centaur warrior
 11944 | D:13     | Killed a centaur warrior
 11964 | D:13     | Noticed a five-headed hydra
 11964 | D:13     | Noticed a storm dragon
 11964 | D:13     | Noticed a manticore
 11964 | D:13     | Noticed a sphinx
 11969 | D:13     | Slain by a storm dragon

Illustrated notes

Levels and vault maps discovered:
D:1:      saegor_arrival_simple_a, layout_basic, minmay_statues_item,
          minmay_tetromino_s4
D:2:      layout_basic, roderic_serpentine_path,
          nicolae_kite_square_tiling_tiny, grunt_ministairs_13,
          uniq_crazy_yiuf_cottage
D:3:      kennysheep_big_flooded_room, layout_basic,
          cheibrodos_sewer_entry_sluice, kennysheep_minor_cross,
          grunt_decor_arrowhead
D:4:      layout_loops_corners, mainiacjoe_overflow_paths,
          mainiacjoe_overflow_alcove_4, minmay_fractal_squares_diagonal_5
D:5:      layout_loops_cross, minmay_temple_entry_tees, uniq_eustachio,
          uniq_duvessa, uniq_edmund
D:6:      layout_basic
D:7:      layout_loops_corners, nicolae_overflow_hidden_temple, enter_bailey_7,
          hellmonk_guarded_unrand_vitality_bloodlust
D:8:      layout_cave_pools, nicolae_uskayaw_en_pointe, dpeg_oklobed_lair,
          minmay_strange_pillars, grunt_ministairs_8
D:9:      layout_stronghold, nicolae_overflow_crystal_walls,
          amethyst_overflow_temple_binary, gammafunk_temple_overflow_forgotten,
          hiddenorc1_lemuel, dk_rats_in_the_wall
D:10:     minmay_flawed_box, layout_irregular_city, uniq_psyche
D:11:     layout_loops_cross, serial_shops, nicolae_stop_n_shop_2,
          nicolae_shop_bloodbath_and_beyond, shop, nicolae_shop_statue_plus,
          gauntlet_entry_generic
D:13:     layout_roguey, minivault_25_ag
D:14:     layout_roguey, hellmonk_vaults_keyhole,
          infiniplex_staircase_pillars_2, minmay_starry_boxes

Skill      XL: |  1  2  3  4  5  6  7  8  9 10 11 |
---------------+----------------------------------+-----
Maces & Flails | 3 4 5 6 7 8 10 12 13 | 13.1
Fire Magic     | 3 4 5 6 7 |  7.3
Spellcasting   | 3 5 7 |  7.1
Fighting       | 5 7 9 |  9.8
Dodging        | 1 |  1.6

Action                     |  1- 3 |  4- 6 |  7- 9 | 10-12 || total
---------------------------+-------+-------+-------+-------++-------
  Melee: Mace              |    79 |    93 |     5 |       ||   177
         Punch             |     2 |     2 |       |       ||     4
         Dire flail        |       |       |   261 |   295 ||   556
   Cast: Scorch            |    13 |    38 |     7 |       ||    58
 Invoke: Foxfire Swarm     |       |       |     1 |       ||     1
         Fiery Armour      |       |       |     1 |       ||     1
  Evoke: Wand              |       |       |     3 |     1 ||     4
         Box of beasts     |       |       |       |     1 ||     1
    Use: Scroll            |       |       |     9 |    14 ||    23
         Potion            |       |       |       |     1 ||     1
 Armour: Robe              |    35 |    35 |    95 |    95 ||   260
  Dodge: Dodged            |    54 |    61 |   154 |   106 ||   375

Table legend: (Time is in decaauts)
 A = Elapsed time spent in this place.
 B = Non-inter-level travel time spent in this place.
 C = Inter-level travel time spent in this place.
 D = Time resting spent in this place.
 E = Time spent auto-exploring this place.
 F = Levels seen in this place.
 G = Mean time per level.
                   A        B        C        D        E       F      G
               +--------+--------+--------+--------+--------+-----+--------+
         Total |  11866 |  11432 |    434 |   1705 |   6925 |  15 |  791.1 |
       Dungeon |  10970 |  10536 |    434 |   1306 |   6895 |  13 |  843.8 |
         Sewer |    212 |    212 |      0 |     94 |     30 |   1 |  212.0 |
        Bailey |    683 |    683 |      0 |    305 |      0 |   1 |  683.0 |
               +--------+--------+--------+--------+--------+-----+--------+

Top non-repeatable levels by time:
     D:4: 1481 daAuts
     D:2: 1403 daAuts
     D:3: 1333 daAuts
     D:5: 1131 daAuts
     D:6: 1112 daAuts
     D:8: 987 daAuts
     D:9: 957 daAuts
     D:7: 927 daAuts
    D:10: 730 daAuts
  Bailey: 683 daAuts
     D:1: 618 daAuts
   Sewer: 212 daAuts
    D:13: 142 daAuts
    D:11: 131 daAuts
    D:14: 10 daAuts
